 Dungeon Crawl Stone Soup version 0.29.0-5-ge4962eb29e (webtiles) character file.

Game seed: 6796695726946509370

11 SnakkuSnakku7 the Ducker (level 2, -2/19 HPs)
             Began as a Merfolk Air Elementalist on Aug 30, 2022.
             Was a Follower of Vehumet.
             Slain by a kobold
             ... wielding a +0 dagger
              (3 damage)
             ... on level 1 of the Dungeon.
             The game lasted 00:01:00 (163 turns).

SnakkuSnakku7 the Ducker (Merfolk Air Elementalist)  Turns: 163, Time: 00:01:01

Health: -2/19      AC:  2    Str:  8    XL:     2   Next: 25%
Magic:  1/5        EV: 13    Int: 14    God:    Vehumet [*.....]
Gold:   8          SH:  0    Dex: 14    Spells: 4/5 levels left

rFire   . . .      SeeInvis .   d - +0 dagger
rCold   . . .      Faith    .   (no shield)
rNeg    . . .      Spirit   .   a - +0 robe
rPois   .          Reflect  .   (no helmet)
rElec   .          Harm     .   (no cloak)
rCorr   .          Rampage  .   (no gloves)
Will    .....                   (no boots)
Stlth   ++........              (no amulet)
HPRegen 0.06/turn               (no ring)
MPRegen 0.09/turn               (no ring)

@: on berserk cooldown, very slightly contaminated, slowed, very slow
A: (nimble swimmer 2), mertail
a: Renounce Religion


You were on level 1 of the Dungeon.
You worshipped Vehumet.
Vehumet was aware of your devotion.
You visited 1 branch of the dungeon, and saw 1 of its levels.

You collected 8 gold pieces.

Inventory:

Hand Weapons
 d - a +0 dagger (weapon)
Armour
 a - a +0 robe (worn)
Potions
 b - a potion of magic


   Skills:
 + Level 3.9 Dodging
 - Level 2.1 Stealth
 - Level 2.0 Spellcasting
 - Level 0.7 Conjurations
 - Level 2.4 Air Magic


You had 4 spell levels left.
You knew the following spells:

 Your Spells              Type           Power      Damage    Failure   Level
a - Shock                 Conj/Air       20%        1d4       13%         1

Your spell library contained the following spells:

 Spells                   Type           Power      Damage    Failure   Level
 Sandblast                Erth           2%         2d4       24%         1
 Static Discharge         Conj/Air       5%         3-4/arc   19%         2
 Swiftness                Air            8%         N/A       26%         3
 Airstrike                Air            4%         2d(1-17)  65%         4


Dungeon Overview and Level Annotations

Branches:
Dungeon (1/15)

Altars:
Vehumet


Innate Abilities, Weirdness & Mutations

((You are very nimble when in or above water. (Stealth+, EV+, Speed+++)))
Your lower body shifts to a powerful aquatic tail in water.


Message History

Press: ? - help, Shift-Dir - straight line, f/p - kobold
Aim: a kobold, wielding a +0 dagger and quivering stones (55% to hit)
The zap hits the kobold but does no damage.
Unknown command.
Casting: Shock (safe; 13% risk of failure)
Confirm with . or Enter, or press ? or * to list all spells.
Aiming: Shock (safe; 13% risk of failure)
Press: ? - help, Shift-Dir - straight line, f/p - kobold
Aim: a kobold, wielding a +0 dagger and quivering stones (55% to hit)
The zap hits the kobold but does no damage.
Unknown command.
Casting: Shock (safe; 13% risk of failure)
Confirm with . or Enter, or press ? or * to list all spells.
Aiming: Shock (safe; 13% risk of failure)
Press: ? - help, Shift-Dir - straight line, f/p - kobold
Aim: a kobold, wielding a +0 dagger and quivering stones (55% to hit)
Okay, then.
Casting: Shock (safe; 13% risk of failure)
Confirm with . or Enter, or press ? or * to list all spells.
Aiming: Shock (safe; 13% risk of failure)
Press: ? - help, Shift-Dir - straight line, p - kobold You miscast Shock.
You are very lightly contaminated with residual magic.
Nothing appears to happen.
The kobold hits you but does no damage.
Unknown command.
Unknown command.
Casting: Shock (safe; 13% risk of failure)
Confirm with . or Enter, or press ? or * to list all spells.
Aiming: Shock (safe; 13% risk of failure)
Press: ? - help, Shift-Dir - straight line The zap misses the kobold.
The zap hits the kobold.
The kobold is moderately wounded.
The kobold misses you. The kobold barely misses you.
Unknown command.
Unknown command.
You hit the kobold but do no damage.
The kobold is moderately wounded.
The kobold hits you but does no damage.
You hit the kobold but do no damage. The kobold hits you with a +0 dagger.
You die...

## #. #. ######## #.
#.!.)..# #. +......+
######.##......#
........K..#.........
####..@##.#.####.###
...........#.####)..
####.................
##......##)######
.................)
#.#....+..#.#.#####
##.....#.#.#...##
#...#.......##...
.....#....#..###


You could see a kobold.

Vanquished Creatures
  An endoplasm (D:1)
  4 goblins (D:1)
  A hobgoblin (D:1)
  A ball python (D:1)
  2 bats (D:1)
  A frilled lizard (D:1)
10 creatures vanquished.

Notes
Turn   | Place    | Note
-------+----------+-------------------------------------------
     0 | D:1      | SnakkuSnakku7 the Merfolk Air Elementalist began the quest
                  | for the Orb.
     0 | D:1      | Reached XP level 1. HP: 13/13 MP: 3/3
    25 | D:1      | Found a faded altar of an unknown god.
    97 | D:1      | Reached skill level 3 in Dodging
   120 | D:1      | Prayed at the altar of an unknown god.
   120 | D:1      | Became a worshipper of Vehumet
   120 | D:1      | Reached * piety under Vehumet
   120 | D:1      | Offered knowledge of Sandblast by Vehumet.
   147 | D:1      | Reached XP level 2. HP: 2/19 MP: 5/5
   147 | D:1      | HP: 1/28 [bat (1)]
   163 | D:1      | Slain by a kobold

Illustrated notes

Levels and vault maps discovered:
D:1:      saegor_arrival_simple_b, layout_basic,
          hellmonk_ecumenical_altar_blasted

Skill      XL: |  1 |
---------------+----+-----
Dodging        | 3 |  3.9
Stealth        | |  2.1
Spellcasting   | |  2.0
Conjurations   | |  0.7
Air Magic      | |  2.4

Action                   || total
-------------------------++-------
Melee: Dagger            ||    31
 Cast: Shock             ||     7
  Use: Potion            ||     1
Armor: Robe              ||     8
Dodge: Dodged            ||    29
